 Dungeon Crawl Stone Soup version 0.28.0-53-g5a82cb258f (webtiles) character file.

Game seed: 13894507898315575791

2595 quokkamancerX the Cleaver (level 9, -2/81 HPs)
             Began as a Hill Orc Fighter on May 31, 2022.
             Was an Elder of Dithmenos.
             Slain by an orc warrior
             ... wielding a +2 great mace of holy wrath
              (19 damage)
             ... in a bailey.
             The game lasted 00:21:50 (7019 turns).

quokkamancerX the Cleaver (Hill Orc Fighter)        Turns: 7019, Time: 00:21:51

Health: -2/81      AC: 13    Str: 23    XL:     9   Next: 59%
Magic:  9/9        EV: 10    Int:  8    God:    Dithmenos [****..]
Gold:   394        SH:  4    Dex: 10    Spells: 8/8 levels left

rFire   . . .      SeeInvis .   a - +0 war axe
rCold   . . .      Faith    .   c - +0 buckler
rNeg    . . .      Spirit   .   K - +2 ring mail of Zonyus {rPois}
rPois   +          Reflect  .   H - +0 helmet
rElec   .          Harm     .   F - +0 cloak
rCorr   .          Rampage  +   (no gloves)
Will    .....                   b - +2 pair of boots {rampage}
Stlth   ..........              n - amulet of regeneration
HPRegen 1.03/turn               z - +4 ring of slaying
MPRegen 0.11/turn               (no ring)

@: wreathed by umbra
A: no striking features
a: Renounce Religion, Shadow Step


You were in a bailey.
You worshipped Dithmenos.
Dithmenos was greatly pleased with you.
You visited 1 branch of the dungeon, and saw 7 of its levels.
You also visited: Ossuary and Bailey.

You collected 641 gold pieces.
You spent 247 gold pieces at shops.

Inventory:

Hand Weapons
 a - a +0 war axe (weapon)
Missiles
 q - 5 javelins (quivered)
 L - 13 boomerangs
 M - 8 curare-tipped darts
Armour
 b - a +2 pair of boots of rampaging (worn)
 c - a +0 buckler (worn)
 F - a +0 cloak (worn)
 H - a +0 helmet (worn)
 K - the +2 ring mail of Zonyus (worn) {rPois}
   (You found it on level 6 of the Dungeon)

   rPois:     It protects you from poison.
Jewellery
 n - an amulet of regeneration (around neck)
 z - a +4 ring of slaying (left hand)
Wands
 o - a wand of polymorph (8)
 G - a wand of digging (6)
 I - a wand of mindburst (17)
 J - a wand of paralysis (13)
Scrolls
 g - a scroll of noise
 h - 2 scrolls of vulnerability {unknown}
 i - a scroll of identify
 k - a scroll of fog {unknown}
 l - a scroll of immolation
 m - a scroll of silence {unknown}
 s - a scroll of blinking
 t - a scroll of teleportation {unknown}
 x - a scroll of fear {unknown}
 y - a scroll of acquirement {unknown}
 A - a scroll of enchant weapon {unknown}
 B - a scroll of torment {unknown}
 W - 2 scrolls of enchant armour
Potions
 d - 2 potions of might
 e - a potion of degeneration {unknown}
 f - 2 potions of attraction
 j - a potion of invisibility {unknown}
 p - 2 potions of heal wounds {unknown}
 r - 2 potions of lignification
 u - 4 potions of curing
 v - 2 potions of brilliance
 w - a potion of resistance {unknown}
 C - a potion of flight {unknown}
 D - 2 potions of mutation {unknown}
 E - a potion of magic {unknown}


   Skills:
 + Level 7.8 Fighting
 + Level 14.7 Axes
 - Level 3.2 Armour
 - Level 3.2 Shields


You had 8 spell levels left.
You didn't know any spells.
Your spell library contained the following spells:

 Spells                   Type           Power      Damage    Failure   Level
 Magic Dart               Conj           0%         1d3       65%         1
 Call Imp                 Summ           0%         N/A       80%         2
 Mephitic Cloud           Conj/Pois/Air  0%         N/A       95%         3


Dungeon Overview and Level Annotations

Branches:
Dungeon (7/15)             Temple (0/1) D:5         Ossuary (visited)
 Bailey (1/1)

Altars:
Dithmenos
Qazlal

Shops:
D:6 [


Message History

You slash the orc warrior!
The orc warrior is heavily wounded.
The orc warrior hits you with a +0 battleaxe!
You slash the orc warrior!
The orc warrior is heavily wounded.
You closely miss the orc warrior.
The orc warrior hits you with a +0 battleaxe!
You barely miss the orc warrior.
The orc warrior is heavily wounded.
You hit the orc warrior but do no damage.
Your shadow hits the orc warrior with a war axe.
Your shadow hits the orc warrior but does no damage.
The orc warrior splashes around in the water. x2
An orc warrior comes into view.
It is wielding a +0 war axe and quivering atropa-tipped darts.
You barely miss the orc warrior.
The orc warrior is severely wounded.
You closely miss the orc warrior.
Your shadow hits the orc warrior with a war axe!
Your shadow hits the orc warrior but does no damage.
The orc warrior shouts!
The orc warrior closely misses you.
You closely miss the orc warrior.
The orc warrior is heavily wounded.
You closely miss the orc warrior.
The orc warrior hits you with a +2 great mace of holy wrath!
You hit the orc warrior.
The orc warrior is severely wounded.
You hit the orc warrior.
The orc warrior hits you with a +0 battleaxe!!
The orc warrior hits you with a +2 great mace of holy wrath!
* * * LOW HITPOINT WARNING * * *
You slash the orc warrior!
You kill the orc warrior!
Dithmenos accepts your kill.
You hear a splash. x3
You barely miss the orc warrior.
The orc warrior throws an atropa-tipped dart.
The atropa-tipped dart closely misses you.
The orc warrior hits you with a +2 great mace of holy wrath!!
You die...

#....≈≈.......≈≈....#
#.###≈≈.......≈≈###.#
#....≈≈.......≈≈....#
#.###≈≈.......≈≈###.#
#....≈≈.......≈≈....#
#.###≈≈.......≈≈###.#
#....≈≈.......≈≈....#
#.###≈≈.......≈≈###.#
#...@o≈.......≈≈....#
#####)≈.......≈≈#####
##≈.......≈##
####o''#### ##.....##
#∩)....∩# #...8...#
##.K(..## ###'###


You could see 2 orc warriors.

Vanquished Creatures
  Sigmund (D:3)
  Eustachio (D:4)
  2 orc warriors
  An ice beast (D:7)
  3 black bears
  A boggart (D:5)
  A lemure (D:5)
  2 elf zombies (D:4)
  6 kobold brigands (Bailey)
  4 elf skeletons (D:4)
  2 scorpions
  A water moccasin zombie (D:5)
  A wyvern skeleton (D:7)
  A water moccasin skeleton (D:7)
  A bullfrog zombie (D:5)
  2 hounds (D:6)
  A jelly (D:7)
  A human zombie (D:4)
  3 orc priests
  A human skeleton (D:4)
  A gnoll shaman (D:6)
  An iguana (D:5)
  Natasha (thrice) (D:2)
  An orc wizard (D:7)
  A mummy (Ossuary)
  A howler monkey skeleton (D:4)
  A howler monkey zombie (D:6)
  3 adders
  10 gnolls
  A dart slug (D:3)
  13 orcs
  8 ball pythons
  3 endoplasms
  12 gnoll zombies (Ossuary)
  4 goblins
  A hobgoblin (D:3)
  9 jackals
  17 kobolds
  5 quokkas
  3 bats
  7 bat simulacra (Ossuary)
  2 frilled lizards (D:2)
  3 goblin simulacra (Ossuary)
  3 goblin zombies (Ossuary)
  5 hobgoblin zombies (Ossuary)
  5 kobold simulacra (Ossuary)
  5 kobold zombies (Ossuary)
  3 orc skeletons (D:4)
  5 orc zombies (Ossuary)
  7 rats
  2 rat simulacra (Ossuary)
  2 spectral goblins (Ossuary)
  3 spectral kobolds (Ossuary)
186 creatures vanquished.

Notes
Turn   | Place    | Note
-------+----------+-------------------------------------------
     0 | D:1      | quokkamancerX the Hill Orc Fighter began the quest for the
                  | Orb.
     0 | D:1      | Reached XP level 1. HP: 19/19 MP: 1/1
   143 | D:1      | Reached skill level 3 in Axes
   421 | D:1      | Reached XP level 2. HP: 11/26 MP: 2/2
   783 | D:1      | Found a faded altar of an unknown god.
  1401 | D:2      | Found a shadowy altar of Dithmenos.
  1415 | D:2      | Reached skill level 4 in Axes
  1540 | D:2      | Became a worshipper of Dithmenos the Shadowed
  1571 | D:2      | Reached XP level 3. HP: 25/31 MP: 3/3
  1795 | D:2      | Reached skill level 5 in Axes
  1947 | D:2      | Reached XP level 4. HP: 23/39 MP: 4/4
  2222 | D:2      | Noticed Natasha
  2228 | D:2      | Killed Natasha
  2229 | D:2      | Reached skill level 6 in Axes
  2303 | D:2      | Noticed Natasha
  2311 | D:2      | Killed Natasha
  2312 | D:2      | Reached XP level 5. HP: 31/45 MP: 5/5
  2345 | D:2      | Found a shadowy altar of Dithmenos.
  2358 | D:2      | Noticed Natasha
  2365 | D:2      | Killed Natasha
  2366 | D:2      | Reached skill level 7 in Axes
  2535 | D:3      | Reached * piety under Dithmenos
  2738 | D:3      | Noticed Sigmund
  2745 | D:3      | Killed Sigmund
  2746 | D:3      | Reached skill level 9 in Axes
  2746 | D:3      | Reached XP level 6. HP: 44/51 MP: 6/6
  3372 | D:4      | Found a stormy altar of Qazlal.
  3374 | D:4      | Noticed a water elemental
  3375 | D:4      | Noticed a fire elemental
  3375 | D:4      | Noticed an air elemental
  3465 | D:4      | Reached XP level 7. HP: 57/57 MP: 7/7
  3489 | D:4      | Reached skill level 10 in Axes
  3514 | D:4      | Found a sand-covered staircase.
  3541 | D:4      | Reached skill level 11 in Axes
  3587 | D:4      | Reached XP level 8. HP: 64/64 MP: 8/8
  3592 | Ossuary  | Entered an ossuary
  3605 | Ossuary  | Reached ** piety under Dithmenos
  3837 | Ossuary  | Reached *** piety under Dithmenos
  4191 | D:4      | Noticed Eustachio
  4197 | D:4      | Reached skill level 12 in Axes
  4213 | D:4      | Killed Eustachio
  4535 | D:5      | Entered Level 5 of the Dungeon
  4709 | D:5      | Found a staircase to the Ecumenical Temple.
  4877 | D:5      | Reached skill level 13 in Axes
  4890 | D:5      | Noticed Pikel
  4891 | D:5      | Noticed Pikel
  4891 | D:5      | Pikel changed into Pikel the boggart
  4901 | D:5      | Killed Pikel the boggart
  5166 | D:5      | Reached skill level 5 in Fighting
  5895 | D:6      | Reached XP level 9. HP: 72/75 MP: 9/9
  6076 | D:6      | Identified the +2 ring mail of Zonyus {rPois}
  6115 | D:6      | Found Disojubry's Armour Boutique.
  6122 | D:6      | Bought a +1 pair of boots of rampaging for 247 gold pieces
  6581 | D:7      | Reached skill level 14 in Axes
  6822 | D:7      | Found a flagged portal.
  6836 | Bailey   | Entered a bailey
  6854 | Bailey   | Reached **** piety under Dithmenos
  7019 | Bailey   | Slain by an orc warrior

Illustrated notes

Levels and vault maps discovered:
D:1:      shiori_arrival_maze, layout_basic, ebering_ecumenical_altar_abandoned,
          kennysheep_small_spiral, minmay_pentomino_r2
D:2:      layout_basic, basic_altar, uniq_natasha
D:3:      layout_basic, grunt_ministairs_15, uniq_sigmund
D:4:      layout_loops_ring, nicolae_qazlal_style_of_elements,
          nicolae_ossuary_entry_catacombs, hex_tiny, uniq_eustachio
D:5:      layout_layer_cave, minmay_temple_entry_statues_fountains,
          kennysheep_minor_cross, dk_noncrumbling_4, chequers_arboretum,
          uniq_pikel
D:6:      layout_basic, serial_shops, nicolae_shop_trees
D:7:      layout_loops_cross, enter_bailey_2, serial_shops,
          kennysheep_mini_moat, kennysheep_path_1, minmay_misc_feat_pillars
Bailey:   bailey_axe_3, bailey

Skill      XL: |  1  2  3  4  5  6  7  8  9 |
---------------+----------------------------+-----
Axes           | 3 4 5 6 9 11 13 14 | 14.7
Fighting       | 5 7 |  7.8
Armour         | |  3.2
Shields        | |  3.2

Action                   |  1- 3 |  4- 6 |  7- 9 || total
-------------------------+-------+-------+-------++-------
Melee: War axe           |    61 |   118 |   390 ||   569
Evoke: Wand              |       |       |     1 ||     1
  Use: Scroll            |       |     1 |     7 ||     8
Armor: Scale mail        |    22 |    44 |   109 ||   175
       Ring mail         |       |       |    36 ||    36
Dodge: Dodged            |    19 |    47 |   179 ||   245
Block: Buckler           |    12 |    23 |    69 ||   104
